Map: 黄金之柱-天梯版

Players

Shidi

  • Race: Protoss Protoss
  • League: Silver

骑着浮云看羊驼 - Winner!

  • Race: Terran Terran
  • League: Gold

VOD

Have the link to the VOD?

Description

Time

  • Played on: Jan. 16, 2021, 8:34 a.m.
  • Length: 5:13
Show
View Real Time Build Order
Export as new Build Order

Shidi Protoss 

Build Orders:  

Get SALT Encoding   

  12  0:00  Probe  
  13  0:12  Probe  
  14  0:20  Pylon  
  14  0:24  Probe  
  15  0:38  Probe (Chrono Boost)  
  15  0:40  Gateway  
  17  0:51  Probe (Chrono Boost)  
  17  0:53  Assimilator  
  17  0:57  Probe (Chrono Boost)  
  17  1:00  Assimilator  
  18  1:08  Probe  
  19  1:22  Pylon  
  19  1:23  Probe  
  20  1:33  Cybernetics Core  
  20  1:35  Probe  
  21  1:46  Zealot  
  23  1:47  Probe (Chrono Boost)  
  24  1:59  Probe (Chrono Boost)  
  25  2:06  Probe (Chrono Boost)  
  26  2:13  Stalker  
  28  2:19  Robotics Facility  
  26  2:43  Stalker, Nexus  
  21  3:13  Stalker  
  21  3:22  Probe (Chrono Boost)  
  22  3:32  Probe (Chrono Boost)  
  21  3:37  Probe (Chrono Boost)  
  22  3:46  Immortal (Chrono Boost)  
  22  3:48  Probe  
  21  3:53  Pylon  
  19  4:05  Pylon  
  15  4:10  Probe  
  10  4:28  Probe  
Show
View Real Time Build Order
Export as new Build Order

骑着浮云看羊驼 Terran - Winner!

Build Orders:  

Get SALT Encoding   

  12  0:00  SCV  
  13  0:18  SCV  
  14  0:29  Supply Depot  
  14  0:30  SCV  
  15  0:53  Barracks  
  15  0:59  Barracks  
  15  1:14  Barracks  
  15  1:31  SCV  
  16  1:34  Refinery  
  16  1:43  SCV  
  17  1:48  Supply Depot  
  17  1:55  SCV  
  18  2:05  Marine  
  19  2:09  Marine  
  20  2:16  Marine  
  21  2:23  Marine  
  21  2:26  Marine  
  23  2:34  Marine  
  23  2:41  Marine  
  24  2:44  Marine  
  24  2:52  Marine  
  24  2:59  Marine  
  24  3:02  Marine  
  26  3:09  Marine  
  27  3:16  Supply Depot, Marine  
  27  3:20  Marine  
  26  3:27  Marine  
  27  3:34  Marine  
  27  3:38  Marine  
  29  3:45  Marine  
  30  3:52  Marine  
  31  3:55  Marine  
  32  4:03  Marine  
  33  4:10  Marine  
  33  4:13  Marine  
  35  4:21  Marine  
  34  4:37  Marine x2  
Tags
 
Add a new tag
Caveats
  • Supply blocks, unpowered buildings, or Contaminate may cause inaccurate times.
  • Supply counts are checked every 10 seconds.